 Dungeon Crawl Stone Soup version 0.27-a0-988-g25969acef8 (webtiles) character file.

Game seed: 5473193018005509901

7106 robertstho the Protected (level 10, -3/94 HPs)
             Began as a Minotaur Berserker on Apr 15, 2021.
             Was an Elder of Trog.
             Slain by a molten gargoyle
             ... wielding a +0 mace
              (5 damage)
             ... on level 10 of the Dungeon.
             The game lasted 00:09:21 (8406 turns).

robertstho the Protected (Minotaur Berserker)       Turns: 8406, Time: 00:09:23

Health: -3/94      AC: 16    Str: 28    XL:     10   Next: 84%
Magic:  9/9        EV: 10    Int:  5    God:    Trog [****..]
Gold:   512        SH:  0    Dex:  9    Spells: 9/9 levels left

rFire    + . .     SeeInvis +   l - +2 hand axe (elec)
rCold    x . .     Faith    .   (no shield)
rNeg     . . .     Spirit   .   g - +0 chain mail
rPois    .         Reflect  .   (helmet restricted)
rElec    .         Harm     .   j - +0 cloak
rCorr    .         Rampage  .   C - +0 pair of gloves {Str+3}
Will     .....                  k - +0 pair of boots
Stlth    ..........             (no amulet)
HPRegen  0.25/turn              n - ring of fire
MPRegen  0.11/turn              o - ring of see invisible

@: about to teleport, on berserk cooldown, slowed, very slow
A: horns 2, retaliatory headbutt
a: Renounce Religion, Berserk, Trog's Hand, Brothers in Arms


You were on level 10 of the Dungeon.
You worshipped Trog.
Trog was greatly pleased with you.
You visited 1 branch of the dungeon, and saw 10 of its levels.

You collected 512 gold pieces.

Inventory:

Hand Weapons
 e - a +0 vorpal morningstar
 l - a +2 hand axe of electrocution (weapon)
Missiles
 w - a curare-tipped dart
 x - a throwing net
Armour
 g - a +0 chain mail (worn)
 j - a +0 cloak (worn)
 k - a +0 pair of boots (worn)
 y - +0 acid dragon scales
 C - a +0 pair of gloves of strength (worn)
Jewellery
 n - a ring of fire (left hand)
 o - a ring of see invisible (right hand)
Wands
 s - a wand of paralysis (7)
 A - a wand of iceblast (9)
 B - a wand of flame (9)
Scrolls
 a - 2 scrolls of magic mapping
 b - a scroll of identify
 c - 3 scrolls of enchant weapon {unknown}
 f - a scroll of teleportation
 p - a scroll of fog
 v - a scroll of silence {unknown}
 z - a scroll of immolation {unknown}
Potions
 d - 3 potions of berserk rage
 h - 2 potions of curing
 i - 2 potions of might {unknown}
 q - a potion of attraction {unknown}
 r - 2 potions of heal wounds {unknown}
 t - a potion of lignification {unknown}
 u - a potion of mutation {unknown}


   Skills:
 * Level 10.8 Fighting
 + Level 11.6 Axes
 * Level 11.8 Armour
 + Level 4.7 Dodging
 + Level 1.5 Stealth


You had 9 spell levels left.
You didn't know any spells.
Your spell library was empty.

Dungeon Overview and Level Annotations

Branches:
Dungeon (10/15)            Temple (0/1) D:6             Orc (0/2) D:9
   Lair: D:8-11

Altars:
Ashenzari
Dithmenos
Hepliaklqana
Makhleb
Nemelex Xobeh
Okawaru
Qazlal
Uskayaw
Vehumet
Yredelemnul
The Shining One

Shops:
D:7 (

Annotations:
D:5 1 runed translucent door


Innate Abilities, Weirdness & Mutations

You have a pair of horns on your head.
You reflexively headbutt those who attack you in melee.


Message History

The glob of lava misses you.
You feel your anger nearly subside.
A molten gargoyle comes into view. It is wielding a +0 mace.
The molten gargoyle blasts magma at you!
The bolt of magma hits the lava snake!
The lava snake partially resists.
The bolt of magma misses you.
You hit the lava snake.
You kill the lava snake!
Trog accepts your kill. Why would you want to do that?
Unknown command.
You are no longer berserk.
You are exhausted.
You feel yourself slow down.
The molten gargoyle blasts magma at you!
The bolt of magma hits you! You partially resist.
The molten gargoyle hits you but does no damage.
You see here a +0 vorpal morningstar.
e - a +0 vorpal morningstar The molten gargoyle blasts magma at you!
The bolt of magma hits you. You partially resist.
The molten gargoyle blasts magma at you!
The bolt of magma hits you! You partially resist.
* * * LOW HITPOINT WARNING * * *
The molten gargoyle blasts magma at you!
The bolt of magma hits you. You partially resist.
* * * LOW HITPOINT WARNING * * *
You feel better.
As you read the scroll of teleportation, it crumbles to dust.
You feel strangely unstable.
The molten gargoyle blasts magma at you!
The bolt of magma hits you! You partially resist.
* * * LOW HITPOINT WARNING * * *
You feel better.
The molten gargoyle hits you with a +0 mace.
* * * LOW HITPOINT WARNING * * *
You are engulfed in flames.
You resist.
* * * LOW HITPOINT WARNING * * *
The molten gargoyle hits you with a +0 mace.
You die...

........# #........ .......#
#........ .....# #........
#...# #........
#...####<....... #
########...............
#.#§#.#..#†..............
#.#.#.#.#.#999..............
§..≈.§.§§#.##@..............
#.≈≈≈≈≈≈.9###...............
.≈≈≈≈≈≈≈.#.##...............
.§§88≈≈..###..............>
.≈≈88≈§.#. #...............
§≈≈≈≈≈≈≈.###.........
§≈≈≈§≈≈.# #........
.§§§.≈... #........
#.#.#.#.#


You could see 3 molten gargoyles.

Vanquished Creatures
  Harold (D:8)
  2 two-headed ogres
  The ghost of Sabo the Covered, a novice GrBe of Trog (D:5)
  A molten gargoyle (D:10)
  Grum (D:8)
  2 steam dragons (D:7)
  A water moccasin (D:6)
  2 acid dragons
  4 sky beasts (D:7)
  3 black bears
  4 orc warriors
  An ice beast (D:6)
  An ogre (D:7)
  2 centaurs (D:8)
  4 wolves (D:8)
  2 phantoms
  2 kobold brigands
  4 gnoll sergeants (D:9)
  A wyvern zombie (D:7)
  3 scorpions
  A wyvern skeleton (D:5)
  A killer bee (D:10)
  6 wights (D:9)
  2 howler monkeys (D:9)
  2 centaur zombies
  A lava snake (D:10)
  2 hounds (D:6)
  2 bullfrog zombies
  2 jellies (D:6)
  A gnoll shaman (D:7)
  2 orc priests
  Jessica (D:2)
  3 iguanas
  5 orc wizards
  A killer bee zombie (D:8)
  A hound zombie (D:5)
  2 howler monkey zombies
  A river rat (D:5)
  4 adders
  3 gnolls (D:7)
  2 shadow imps
  A white imp (D:6)
  3 dart slugs
  17 orcs
  2 ball pythons (D:1)
  8 endoplasms
  2 giant cockroaches
  2 goblins
  7 hobgoblins
  23 jackals
  6 kobolds
  2 quokkas
  4 bats
  4 frilled lizards
  6 rats
174 creatures vanquished.

Vanquished Creatures (others)
  5 plants (D:6)
5 creatures vanquished.

Grand Total: 179 creatures vanquished

Notes
Turn   | Place    | Note
-------+----------+-------------------------------------------
     0 | D:1      | robertstho the Minotaur Berserker began the quest for the
                  | Orb.
     0 | D:1      | Reached XP level 1. HP: 19/19 MP: 0/0
   275 | D:1      | Reached XP level 2. HP: 21/27 MP: 1/1
   763 | D:1      | Reached XP level 3. HP: 34/34 MP: 2/2
  1435 | D:2      | Reached ** piety under Trog
  1559 | D:2      | Noticed Jessica
  1563 | D:2      | Killed Jessica
  1564 | D:2      | Reached XP level 4. HP: 40/41 MP: 3/3
  2883 | D:3      | Found a broken altar of Ashenzari.
  2884 | D:3      | Found a faded altar of an unknown god.
  3395 | D:4      | Reached skill level 5 in Axes
  3442 | D:4      | Noticed a kobold brigand
  3450 | D:4      | Killed a kobold brigand
  3451 | D:4      | Reached skill level 5 in Fighting
  3451 | D:4      | Reached XP level 5. HP: 24/48 MP: 4/4
  3787 | D:5      | Entered Level 5 of the Dungeon
  3787 | D:5      | Found a sparkling altar of Nemelex Xobeh.
  3787 | D:5      | Found a runed translucent door.
  3797 | D:5      | Noticed a black bear
  3808 | D:5      | Reached XP level 6. HP: 52/57 MP: 5/5
  3822 | D:5      | Reached *** piety under Trog
  3829 | D:5      | Reached skill level 5 in Armour
  3829 | D:5      | Reached XP level 7. HP: 63/63 MP: 6/6
  3931 | D:5      | Found a hide-covered altar of Uskayaw.
  4066 | D:5      | Found a runed translucent door.
  4067 | D:5      | Noticed Sabo's ghost (novice GrBe)
  4405 | D:5      | Killed Sabo's ghost
  4406 | D:5      | Reached XP level 8. HP: 30/73 MP: 7/7
  4748 | D:6      | Found a staircase to the Ecumenical Temple.
  4880 | D:6      | Found a hazy altar of Hepliaklqana.
  4967 | D:6      | Found an iron altar of Okawaru.
  5079 | D:6      | Found a burning altar of Makhleb.
  5265 | D:6      | Found a glowing golden altar of the Shining One.
  5492 | D:7      | Found Beemp's Antique Weapon Shoppe.
  5541 | D:7      | Reached XP level 9. HP: 74/82 MP: 8/8
  5610 | D:7      | Reached skill level 1 in Stealth
  5788 | D:7      | Noticed a two-headed ogre
  5795 | D:7      | Killed a two-headed ogre
  6243 | D:8      | Noticed Grum
  6245 | D:8      | Reached skill level 10 in Axes
  6252 | D:8      | Reached skill level 10 in Armour
  6257 | D:8      | Killed Grum
  6258 | D:8      | Reached XP level 10. HP: 68/92 MP: 0/9
  6760 | D:8      | Found a shadowy altar of Dithmenos.
  6885 | D:8      | Reached **** piety under Trog
  7051 | D:8      | Noticed Harold
  7066 | D:8      | Killed Harold
  7067 | D:8      | Reached skill level 10 in Fighting
  7419 | D:9      | Found a radiant altar of Vehumet.
  7419 | D:9      | Noticed a two-headed ogre
  7427 | D:9      | Killed a two-headed ogre
  7918 | D:9      | Found a staircase to the Orcish Mines.
  8227 | D:9      | Found a basalt altar of Yredelemnul.
  8278 | D:9      | Found a stormy altar of Qazlal.
  8360 | D:10     | Entered Level 10 of the Dungeon
  8373 | D:10     | Noticed a molten gargoyle
  8390 | D:10     | Killed a molten gargoyle
  8392 | D:10     | Noticed a molten gargoyle
  8393 | D:10     | Noticed a molten gargoyle
  8394 | D:10     | Noticed a molten gargoyle
  8406 | D:10     | HP: 2/94 [molten gargoyle/+0 mace (4)]
  8406 | D:10     | Slain by a molten gargoyle

Illustrated notes

Levels and vault maps discovered:
D:1:      wander_arrival_estate, layout_basic
D:2:      layout_basic, serial_forest, infiniplex_forest_straight_2,
          infiniplex_forest_lined_room_2, infiniplex_forest_corner_1,
          infiniplex_forest_clump_small, infiniplex_forest_lined_room_2,
          infiniplex_forest_straight_4, infiniplex_forest_clump_long,
          infiniplex_forest_lined_3, uniq_jessica
D:3:      layout_basic, nicolae_ashenzari_skybound,
          ebering_ecumenical_altar_ruins
D:4:      layout_rooms
D:5:      layout_rooms, old_standard_altar, nemelex_xobeh_ov_fountains_minmay,
          ebering_ghost_sewer_f, kennysheep_small_square
D:6:      layout_loops_ring, nicolae_tso_carved_into_rock,
          nzn_hepliaklqana_mist_gate, lightli_temple_of_fire,
          kennysheep_okawaru_gauntlet, minmay_temple_entry_overgrown
D:7:      layout_rooms, serial_shops, shop, hangedman_misty_isle
D:8:      layout_gridville, kennysheep_mini_moat, uniq_grum, uniq_harold
D:9:      layout_rooms, lemuel_crystal_altar, general_overflow_altar,
          grunt_qazlal_sundering, sword_in_stone
D:10:     layout_long_grid, gammafunk_temple_overflow_statue, minivault_8

Skill      XL: |  1  2  3  4  5  6  7  8  9 10 |
---------------+-------------------------------+-----
Fighting       | 4 5 6 7 8 9 10 | 10.8
Axes           | 4 5 7 8 10 11 | 11.6
Armour         | 3 4 5 6 8 10 11 | 11.8
Dodging        | 3 4 |  4.7
Stealth        | 1 |  1.5

Action                   |  1- 3 |  4- 6 |  7- 9 | 10-12 || total
-------------------------+-------+-------+-------+-------++-------
Melee: Hand axe          |    82 |    90 |   182 |   104 ||   458
       Headbutt          |    17 |    19 |    33 |    20 ||    89
Invok: Berserk           |       |     1 |     4 |     5 ||    10
  Use: Scroll            |       |     5 |     3 |     3 ||    11
       Potion            |       |       |       |     2 ||     2
Armor: Animal skin       |    14 |       |       |       ||    14
       Ring mail         |     5 |    17 |       |       ||    22
       Chain mail        |       |    28 |    87 |    42 ||   157
Dodge: Dodged            |    56 |    47 |    78 |    40 ||   221

Table legend: (Time is in decaauts)
 A = Elapsed time spent in this place.
 B = Non-inter-level travel time spent in this place.
 C = Inter-level travel time spent in this place.
 D = Time resting spent in this place.
 E = Time spent auto-exploring this place.
 F = Levels seen in this place.
 G = Mean time per level.
                   A        B        C        D        E       F      G
               +--------+--------+--------+--------+--------+-----+--------+
         Total |   8460 |   8149 |    311 |     65 |   6895 |  10 |  846.0 |
       Dungeon |   8460 |   8149 |    311 |     65 |   6895 |  10 |  846.0 |
               +--------+--------+--------+--------+--------+-----+--------+

Top non-repeatable levels by time:
     D:1: 1368 daAuts
     D:8: 1288 daAuts
     D:2: 1101 daAuts
     D:9: 959 daAuts
     D:6: 885 daAuts
     D:5: 833 daAuts
     D:3: 819 daAuts
     D:7: 652 daAuts
     D:4: 509 daAuts
    D:10: 43 daAuts
